AoeStats
← Artemiska

Arabia

509960781Analyzed
1v1 RM · 3d ago on Sep 28, 2026· 53m 7s· 2 players
Game mode
Random Map
Map size
Tiny (2 player)
Population
200
Speed
Normal
Resources
Standard
Victory
Conquest
Starting age
Dark Age
Ending age
Imperial Age
RankedLock teamsTeams togetherTeam positionsShared explorationLock speedFull tech treeHidden civsTurbo modeCheats
Victory
Defeat
🇦🇷 Khmer · Argentina
903
+16
🇨🇿 Georgians · Czechia
897
-16
Artemiska
4:11 Loom
9:39 Feudal Age
20:18 Castle Age
19:09 Bloodlines
19:39 Double-Bit Axe
20:01 Gold Mining
20:34 Scale Barding Armor
20:40 Horse Collar
24:04 Husbandry
27:15 Forging
27:26 Chain Barding Armor
31:01 Fletching
31:47 Iron Casting
34:36 Town Watch
37:25 Imperial Age
36:08 Bodkin Arrow
39:57 Pikeman
41:33 Halberdier
50:56 Light Cavalry
Adr1CKs
9:05 Loom
10:50 Feudal Age
17:06 Castle Age
18:30 Double-Bit Axe
21:14 Bow Saw
21:47 Horse Collar
23:48 Wheelbarrow
24:03 Town Watch
24:26 Heavy Plow
26:24 Husbandry
31:38 Gold Mining
33:28 Hand Cart
34:25 Scale Barding Armor
36:06 Forging
36:17 Chain Barding Armor
36:43 Bloodlines
36:35 Fletching
42:55 Imperial Age
45:18 Bodkin Arrow
45:59 Iron Casting
46:31 Bracer
48:10 Murder Holes
48:31 Masonry
50:22 Conscription
52:31 Architecture
Connection lost

Rejoining the realm…

Still unreachable

The connection could not be restored.

Session expired

The server has moved on; the page needs a fresh start.